 Dungeon Crawl Stone Soup version 0.27-a0-808-g60bc5d92e6 (webtiles) character file.

Game seed: 15925812070923220364

13225 sleeves the Severer (level 11, -2/85 HPs)
             Began as a Minotaur Air Elementalist on Mar 28, 2021.
             Was an Elder of Qazlal.
             Slain by a six-headed hydra (14 damage)
             ... on level 1 of the Lair of Beasts.
             The game lasted 00:22:18 (15930 turns).

sleeves the Severer (Minotaur Air Elementalist)    Turns: 15930, Time: 00:22:19

Health: -2/85      AC: 13    Str: 16    XL:     11   Next: 72%
Magic:  8/12       EV: 12    Int: 12    God:    Qazlal [****..]
Gold:   543        SH: 12    Dex: 11    Spells: 11/12 levels left

rFire    . . .     SeeInvis .   T - +3 war axe (elec)
rCold    . . .     Faith    .   j - +2 buckler
rNeg     . . .     Spirit   .   H - +1 ring mail "Esonn" {Will+ rCorr}
rPois    +         Reflect  .   N - +0 hat
rElec    .         Harm     .   (no cloak)
rCorr    +         Rampage  .   f - +0 pair of gloves
Will     +....                  l - +0 pair of boots
Stlth    +.........             (no amulet)
HPRegen  0.24/turn              F - +4 ring of protection
MPRegen  0.13/turn              p - ring of poison resistance

@: repel missiles
A: horns 2, retaliatory headbutt
a: Renounce Religion, Upheaval, Elemental Force


You were on level 1 of the Lair of Beasts.
You worshipped Qazlal.
Qazlal was greatly pleased with you.
You visited 2 branches of the dungeon, and saw 13 of its levels.

You collected 543 gold pieces.

Inventory:

Hand Weapons
 o - a +1 scimitar of flaming
   (You took it off Erica on level 10 of the Dungeon)
 x - the +7 whip of the Moon {venom, rElec rPois Str-3}
   (You found it on level 4 of the Dungeon)

   It poisons the flesh of those it strikes.
   It affects your strength (-3).
   It insulates you from electricity.
   It protects you from poison.
 O - a +3 antimagic war axe
   (You took it off an orc on level 8 of the Dungeon)
 T - a +3 war axe of electrocution (weapon)
   (You took it off an orc warrior on level 10 of the Dungeon)
Missiles
 c - 3 javelins (quivered)
 h - 7 boomerangs
 s - 4 boomerangs of dispersal
 L - 2 curare-tipped darts
 Q - 6 datura-tipped darts
 R - 43 poisoned darts
Armour
 f - a +0 pair of gloves (worn)
   (You found it on level 1 of the Dungeon)
 j - a +2 buckler (worn)
   (You found it on level 7 of the Dungeon)
 l - a +0 pair of boots (worn)
   (You found it on level 2 of the Dungeon)
 H - the +1 ring mail "Esonn" (worn) {Will+ rCorr}
   (You found it on level 6 of the Dungeon)

   It affects your willpower, your defense against some magical effects.
   It provides partial protection from all sources of acid and corrosion.
 N - a +0 hat (worn)
   (You took it off Gastronok on level 8 of the Dungeon)
Jewellery
 p - a ring of poison resistance (right hand)
   (You found it on level 3 of the Dungeon)
 F - a +4 ring of protection (left hand)
   (You found it on level 6 of the Dungeon)
 M - a ring of flight
   (You found it on level 8 of the Dungeon)
 S - a +6 ring of intelligence
   (You took it off an orc warrior on level 10 of the Dungeon)
Wands
 m - a wand of flame (47)
   (You took it off Jessica on level 3 of the Dungeon)
 t - a wand of iceblast (8)
   (You found it on level 4 of the Dungeon)
 y - a wand of mindburst (13)
   (You found it on level 5 of the Dungeon)
 B - a wand of polymorph (10)
   (You found it on level 5 of the Dungeon)
 K - a wand of random effects (25)
   (You found it on level 7 of the Dungeon)
 P - a wand of paralysis (12)
   (You took it off Pikel on level 8 of the Dungeon)
Scrolls
 a - a scroll of acquirement {unknown}
 b - 12 scrolls of identify
 d - 3 scrolls of blinking
 e - 3 scrolls of noise
 i - a scroll of fog {unknown}
 k - 3 scrolls of magic mapping
 q - 3 scrolls of enchant armour
 r - a scroll of vulnerability {unknown}
 u - 3 scrolls of teleportation {unknown}
 w - 3 scrolls of amnesia {unknown}
 z - a scroll of brand weapon {unknown}
 C - 3 scrolls of holy word {unknown}
 I - a scroll of enchant weapon {unknown}
Potions
 g - a potion of lignification {unknown}
 n - 2 potions of haste {unknown}
 v - a potion of magic {unknown}
 A - a potion of flight
 J - a potion of mutation {unknown}


   Skills:
 + Level 4.8 Fighting
 - Level 17.1 Axes
 + Level 6.3 Throwing
 + Level 4.8 Armour
 + Level 4.8 Dodging
 - Level 1.5 Stealth
 - Level 4.0 Shields
 - Level 1.3 Spellcasting
 - Level 0.6 Conjurations
 - Level 2.1 Air Magic
 + Level 3.5 Invocations


You had 11 spell levels left.
You knew the following spells:

 Your Spells              Type           Power      Damage    Failure   Level
a - Shock                 Conj/Air       16%        1d4       30%         1

Your spell library contained the following spells:

 Spells                   Type           Power      Damage    Failure   Level
 Swiftness                Air            6%         N/A       32%         2
 Magic Dart               Conj           8%         1d3       38%         1
 Blink                    Tloc           N/A        N/A       61%         2
 Call Imp                 Summ           0%         N/A       61%         2
 Slow                     Hex            0%         N/A       61%         2
 Static Discharge         Conj/Air       4%         N/A       65%         3
 Mephitic Cloud           Conj/Pois/Air  3%         N/A       71%         3
 Conjure Flame            Conj/Fire      1%         6-21      80%         3
 Airstrike                Air            3%         N/A       91%         4
 Cause Fear               Hex            0%         N/A       99%         4
 Lightning Bolt           Conj/Air       2%         1d13      100%        5
 Silence                  Hex/Air        1%         N/A       100%        5
 Yara's Violent Unravell  Hex/Tmut       0%         3d3       100%        5
 Discord                  Hex            0%         N/A       100%        8


Dungeon Overview and Level Annotations

Branches:
Dungeon (12/15)            Temple (0/1) D:6            Lair (1/6) D:10
    Orc (0/2) D:11

Altars:
Cheibriados
Dithmenos
Elyvilon
Fedhas
Gozag
Hepliaklqana
Nemelex Xobeh
Qazlal
Trog
Uskayaw
Xom
Yredelemnul
Zin
Beogh

Shops:
D:5 *   D:12 =*

Annotations:
D:2 Terence
D:6 2 runed translucent doors, Snicker's ghost, novice DsBr
D:9 math4jedi's ghost, novice MiBe


Innate Abilities, Weirdness & Mutations

You have a pair of horns on your head.
You reflexively headbutt those who attack you in melee.


Message History

* * * LOW HITPOINT WARNING * * *
Something burns you.
* * * LOW HITPOINT WARNING * * *
You whack something! You whack something! You block something's attack.
You miss something. You closely miss something. You block something's attack.
You whack something! You miss something. Something hits you.
* * * LOW HITPOINT WARNING * * *
Something burns you.
* * * LOW HITPOINT WARNING * * *
You hit something. Qazlal accepts your kill.
Reactivating autopickup.
You feel a bit more experienced.
Your Dodging skill increases to level 3!
Your Invocations skill increases to level 1!
You see here a +0 club.
Items here: )) ††.
Things that are here:
a +0 scale mail; a +0 trident; a gnoll corpse You see here a +0 flail.
Things that are here:
a +0 club; a gnoll corpse You feel less attractive to monsters.
Found 13 gold pieces.
There is a stone staircase leading up here.
You fly upwards.
Level annotation: math4jedi's ghost, novice MiBe
There is a stone staircase leading down here.
You are starting to lose your buoyancy.
You float gracefully downwards.
You feel a little less mighty now.
Key pressed, stopping explore.
HP restored.
Done exploring.
Done exploring.
Done exploring.
You climb downwards.
There is a stone staircase leading up here.
Found 18 stones.
You now have 414 gold pieces (gained 13).
You see here 18 stones.
Things that are here:
a +0 club; a gnoll skeleton You see here a +0 flail.
Things that are here:
a +0 scale mail; a +0 trident; a gnoll skeleton
Items here: )) ÷÷.
You see here a +0 club.
There is a stone staircase leading down, spattered with blood here.
Things that are here:
a +2 robe of the Archmagi; a +1 scimitar of flaming; the human skeleton of Erica
There is a stone staircase leading down here.
b - 11 scrolls of identify (gained 1)
Found a sapphire quarterstaff.
You see here the +9 quarterstaff "Yqemu" {pain, Will+++}.
You see here the +9 quarterstaff "Yqemu" {pain, Will+++}.
Found 20 stones.
You see here 20 stones.
A centaur comes into view.
The centaur wields a +0 shortbow.
The centaur shoots an arrow.
You block the arrow.
The centaur unwields a +0 shortbow.
The centaur hits you but does no damage.
The centaur barely misses you.
You hit the centaur but do no damage.
The centaur is poisoned.
The centaur closely misses you. You furiously retaliate!
You headbutt the centaur. You block the centaur's attack.
You hit the centaur.
The centaur looks as sick as possible!
The centaur is heavily wounded.
You block the centaur's attack. The centaur misses you.
You completely miss the centaur.
The centaur is severely wounded.
You block the centaur's attack. The centaur misses you.
You whack the centaur!
You kill the centaur!
Qazlal accepts your kill.
No target in view!
Things that are here:
a +0 shortbow; 24 arrows; a centaur corpse Search for what [Enter for "armor", or ? for help]? scim You see here a +0 ring mail.
You see here a +0 club.
You see here a +0 flail.
Things that are here:
a +0 scale mail; a +0 trident
Things that are here:
a +0 whip; a +0 spear You see here a +0 club.
There is a stone staircase leading down, spattered with blood here.
Things that are here:
a +2 robe of the Archmagi; a +1 scimitar of flaming
o - a +1 scimitar of flaming
There is a stone staircase leading down, spattered with blood here.
You see here a +0 club.
Things that are here:
a +0 whip; a +0 spear
Things that are here:
a +0 scale mail; a +0 trident You see here a +0 flail.
You see here a +0 club.
There is a stone staircase leading up here.
Key pressed, stopping explore.
There is a stone staircase leading up here.
You now have 436 gold pieces (gained 22).
Key pressed, stopping explore.
Done exploring.
Done exploring.
Done exploring.
Done exploring.
(D) Dungeon (T) Temple (L) Lair
Where to? (Enter - D:10 @ (x,y), ? - help)
Things that are here:
a +0 shortbow; 24 arrows; a centaur skeleton
There is a stone staircase leading down here.
You climb downwards.
There is a stone staircase leading up here.
b - 12 scrolls of identify (gained 1)
d - 2 scrolls of blinking (gained 1)
Found a quarterstaff.
Found a chain mail.
There is a stone staircase leading up here.
You climb upwards.
There is a stone staircase leading down here.
You see here a +0 club.
You see here a +0 flail.
Things that are here:
a +0 scale mail; a +0 trident
Things that are here:
a +0 whip; a +0 spear You see here a +0 club.
There is a stone staircase leading down, spattered with blood here.
You see here a +2 robe of the Archmagi.
There is a stone staircase leading down here.
You climb downwards.
Found a long sword.
There is a stone staircase leading up here.
You hear a howl!
You hear a howl! x2
A howler monkey comes into view.
A centaur warrior zombie comes into view.
A howler monkey comes into view.
The howler monkey howls!
You block the centaur warrior zombie's attack.
The centaur warrior zombie barely misses you.
You whack the centaur warrior zombie!
You headbutt the centaur warrior zombie!
The centaur warrior zombie is moderately damaged.
The centaur warrior zombie barely misses you. x2
The howler monkey hoots and howls with incredible vigour!
You hear two shouts!
You hear a shout! x2
You hit the centaur warrior zombie but do no damage.
The centaur warrior zombie is moderately damaged.
A howler monkey comes into view.
You block the centaur warrior zombie's attack.
The centaur warrior zombie kicks you.
You hit the centaur warrior zombie.
The centaur warrior zombie is moderately damaged.
The howler monkey hoots and howls with incredible vigour!
The centaur warrior zombie barely misses you.
You furiously retaliate!
You headbutt the centaur warrior zombie!
You block the centaur warrior zombie's attack.
You hear a shout! x4
You hit the centaur warrior zombie.
The centaur warrior zombie is moderately damaged.
You whack the centaur warrior zombie!
The centaur warrior zombie is heavily damaged.
The howler monkey hoots and howls with incredible vigour!
You hear a shout!
You whack the howler monkey! Your headbutt misses the howler monkey.
The howler monkey is severely wounded.
You closely miss the howler monkey.
The howler monkey is severely wounded.
You hit the howler monkey.
The howler monkey is poisoned.
The howler monkey is severely wounded.
The howler monkey hits you but does no damage.
You barely miss the howler monkey.
The howler monkey is severely wounded.
The centaur warrior zombie hits you but does no damage.
The centaur warrior zombie barely misses you.
The howler monkey hits you but does no damage.
You whack the howler monkey!
You kill the howler monkey!
Qazlal accepts your kill.
You hit the centaur warrior zombie.
You headbutt the centaur warrior zombie.
The centaur warrior zombie is severely damaged.
The centaur warrior zombie hits you but does no damage.
The centaur warrior zombie kicks you.
A two-headed ogre comes into view.
It is wielding a +0 giant spiked club and a +0 giant club.
You hit the centaur warrior zombie but do no damage.
You headbutt the centaur warrior zombie.
The centaur warrior zombie is severely damaged.
You block the howler monkey's attack.
You barely miss the howler monkey. Your headbutt misses the howler monkey.
The howler monkey is engulfed in blazing flames.
The howler monkey barely misses you.
You hit the centaur warrior zombie.
You headbutt the centaur warrior zombie.
The centaur warrior zombie is severely damaged.
You whack the centaur warrior zombie!
The centaur warrior zombie is almost destroyed.
The howler monkey is engulfed in blazing flames.
You kill the howler monkey!
Qazlal accepts your kill. You block the howler monkey's attack.
The centaur warrior zombie hits you but does no damage.
The centaur warrior zombie misses you.
You whack the centaur warrior zombie!
You headbutt the centaur warrior zombie.
The centaur warrior zombie is almost destroyed.
The centaur warrior zombie hits you.
The centaur warrior zombie kicks you but does no damage.
You block the howler monkey's attack.
You hit the centaur warrior zombie.
The centaur warrior zombie is almost destroyed.
You barely miss the centaur warrior zombie.
You headbutt the centaur warrior zombie.
You destroy the centaur warrior zombie!
Qazlal accepts your kill.
The howler monkey hoots and howls with incredible vigour!
You hear a shout! x2
Your Fighting skill increases to level 3!
Your Armour skill increases to level 3!
You hit the howler monkey. Your headbutt misses the howler monkey.
The howler monkey is lightly wounded.
You hit the howler monkey.
The howler monkey is poisoned.
The howler monkey is heavily wounded.
The howler monkey hits you but does no damage.
You barely miss the howler monkey. You headbutt the howler monkey.
The howler monkey is severely wounded.
The howler monkey hits you but does no damage.
You hit the howler monkey.
The howler monkey looks as sick as possible!
The howler monkey is almost dead.
You whack the howler monkey!
You kill the howler monkey!
Qazlal accepts your kill.
Found a flail.
Found a stone staircase leading down.
You see here a howler monkey corpse.
You hit the two-headed ogre.
The two-headed ogre is poisoned.
The two-headed ogre is lightly wounded.
The two-headed ogre hits you with a +0 giant spiked club!
The two-headed ogre closely misses you.
You hit the two-headed ogre.
The two-headed ogre looks as sick as possible!
The two-headed ogre is lightly wounded.
You whack the two-headed ogre!
The two-headed ogre looks as sick as possible!
You headbutt the two-headed ogre.
The two-headed ogre is moderately wounded.
You block the two-headed ogre's attack. The two-headed ogre barely misses you.
You barely miss the two-headed ogre. You headbutt the two-headed ogre!
The two-headed ogre is heavily wounded.
You whack the two-headed ogre!
The two-headed ogre looks as sick as possible!
You headbutt the two-headed ogre.
The two-headed ogre is severely wounded.
The two-headed ogre hits you with a +0 giant spiked club!
The two-headed ogre hits you but does no damage.
You are too injured to fight recklessly!
You are too injured to fight recklessly!
You are too injured to fight recklessly!
You are too injured to fight recklessly!
You kill the two-headed ogre!
Qazlal accepts your kill.
Your Invocations skill increases to level 2!
You hear a shout!
You hear a shout!
There is a stone staircase leading up here.
You start resting.
A two-headed ogre is nearby!
A two-headed ogre is nearby!
You are too injured to fight recklessly!
You are too injured to fight recklessly!
You are too injured to fight recklessly!
You are too injured to fight recklessly!
You are too injured to fight recklessly!
You are too injured to fight recklessly!
You are too injured to fight recklessly!
Drop what? 42/52 slots (_ for help) (? for menu, Esc to quit)
Okay, then.
Throw: 9 boomerangs
Press: ? - help, Q - select action, (/) - cycle Shift-Dir - straight line, f - two-headed ogre
Aim: a two-headed ogre, wielding two +0 giant clubs (74% to hit)
You throw a boomerang.
The boomerang barely misses the two-headed ogre.
Throw: 9 boomerangs
Press: ? - help, Q - select action, (/) - cycle Shift-Dir - straight line, f/p - two-headed ogre
Aim: a two-headed ogre, wielding two +0 giant clubs (74% to hit)
You throw a boomerang. The boomerang hits the two-headed ogre.
The two-headed ogre is lightly wounded.
Throw: 9 boomerangs
Press: ? - help, Q - select action, (/) - cycle Shift-Dir - straight line, f/p - two-headed ogre
Aim: a two-headed ogre, wielding two +0 giant clubs (lightly wounded, 74% to hit)
You throw a boomerang. The boomerang hits the two-headed ogre!
The two-headed ogre is moderately wounded.
Throw: 9 boomerangs
Press: ? - help, Q - select action, (/) - cycle Shift-Dir - straight line, f/p - two-headed ogre
Aim: a two-headed ogre, wielding two +0 giant clubs (moderately wounded, 74% to hit)
You throw a boomerang. The boomerang hits the two-headed ogre!
The two-headed ogre is moderately wounded.
Throw: 9 boomerangs
Press: ? - help, Q - select action, (/) - cycle Shift-Dir - straight line, f/p - two-headed ogre
Aim: a two-headed ogre, wielding two +0 giant clubs (moderately wounded, 74% to hit)
You throw a boomerang. The boomerang hits the two-headed ogre.
The two-headed ogre is heavily wounded.
Throw: 8 boomerangs
Press: ? - help, Q - select action, (/) - cycle Shift-Dir - straight line, f/p - two-headed ogre
Aim: a two-headed ogre, wielding two +0 giant clubs (sparse dust, heavily wounded, 74% to hit)
You throw a boomerang. The boomerang hits the two-headed ogre!
The two-headed ogre is heavily wounded.
The two-headed ogre barely misses you. x2
You climb upwards.
There is a stone staircase leading down here.
You hit the two-headed ogre but do no damage.
The two-headed ogre is poisoned.
The two-headed ogre is heavily wounded.
The two-headed ogre hits you with a +0 giant club!!
* * * LOW HITPOINT WARNING * * *
The two-headed ogre barely misses you.
You are too injured to fight recklessly!
The two-headed ogre looks more healthy.
You hit the two-headed ogre.
The two-headed ogre is poisoned.
The two-headed ogre is severely wounded.
The two-headed ogre closely misses you. You furiously retaliate!
You headbutt the two-headed ogre. You block the two-headed ogre's attack.
You hit the two-headed ogre.
The two-headed ogre is almost dead.
You block the two-headed ogre's attack.
The two-headed ogre hits you with a +0 giant club!
* * * LOW HITPOINT WARNING * * *
You hit the two-headed ogre.
The two-headed ogre looks even sicker.
The two-headed ogre is almost dead.
The two-headed ogre misses you.
The two-headed ogre hits you with a +0 giant club.
* * * LOW HITPOINT WARNING * * *
You hit the two-headed ogre.
The two-headed ogre looks as sick as possible!
You headbutt the two-headed ogre.
The two-headed ogre is almost dead.
You kill the two-headed ogre!
Qazlal accepts your kill.
Your Dodging skill increases to level 4!
Things that are here:
a +0 giant club; a +0 giant club You start resting.
You start resting.
You see here the +9 quarterstaff "Yqemu" {pain, Will+++}.
r - the +9 quarterstaff "Yqemu" {pain, Will+++}
Okay, then.
You drop the +9 quarterstaff "Yqemu" {pain, Will+++}.
Done exploring.
Done exploring.
Done exploring.
Done exploring.
Done exploring.
Done exploring.
Done exploring.
Done exploring.
(D) Dungeon (T) Temple (L) Lair
Where to? (Enter - D:10 @ (x,y), ? - help)
Things that are here:
a +0 giant club; a +0 giant club
There is a stone staircase leading down, spattered with blood here.
You climb downwards.
There is a stone staircase leading up here.
You hear a shout!
You hear a shout! x2
Things that are here:
a +0 giant club; a +0 giant spiked club; a two-headed ogre skeleton A cyclops comes into view.
The cyclops shouts!
You see here a howler monkey skeleton.
A cyclops is nearby!
A cyclops is nearby!
A cyclops is nearby!
A cyclops is nearby!
A cyclops is nearby!
A cyclops is nearby!
You hear a shout!
The cyclops throws a large rock.
You block the large rock.
The cyclops throws a large rock.
The large rock completely misses you.
An orc comes into view. It is wielding a +0 dagger.
The cyclops hits you but does no damage.
You barely miss the cyclops. You headbutt the cyclops.
The cyclops is lightly wounded.
You hear a shout!
You hit the cyclops.
The cyclops is poisoned.
The cyclops is lightly wounded.
You hit the cyclops.
The cyclops looks as sick as possible!
The cyclops is moderately wounded.
The cyclops hits you!!
You completely miss the cyclops.
The cyclops is moderately wounded.
You barely miss the cyclops.
You headbutt the cyclops, but do no damage.
The cyclops is moderately wounded.
You block the cyclops's attack.
You whack the cyclops!
The cyclops is heavily wounded.
You hit the cyclops but do no damage.
The cyclops looks as sick as possible!
The cyclops is heavily wounded.
You hear a shout!
The orc barely misses you.
You hit the cyclops.
The cyclops looks as sick as possible!
The cyclops is heavily wounded.
An orc comes into view. It is wielding a +0 flail.
You block the cyclops's attack.
You hit the cyclops.
The cyclops looks as sick as possible!
The cyclops is heavily wounded.
The orc hits you but does no damage.
You hit the cyclops but do no damage.
The cyclops looks as sick as possible!
The cyclops is heavily wounded.
The orc closely misses you.
You hit the cyclops.
The cyclops looks as sick as possible!
The cyclops is severely wounded.
You block the cyclops's attack.
You hit the cyclops but do no damage.
The cyclops is severely wounded.
The orc hits you but does no damage.
You hit the cyclops but do no damage.
The cyclops looks as sick as possible!
The cyclops is severely wounded.
You hit the cyclops.
The cyclops is severely wounded.
The cyclops is struck by lightning.
You kill the cyclops!
Qazlal accepts your kill. You block the orc's attack.
Your Fighting skill increases to level 4!
Your Armour skill increases to level 4!
You barely miss the orc.
You hear a shout!
You whack the orc!
You kill the orc!
Qazlal accepts your kill.
An orc warrior comes into view. It is wielding a +0 halberd.
Things that are here:
a +0 dagger; an orc corpse You hit the orc.
You kill the orc!
Qazlal accepts your kill.
You hear a shout!
An orc comes into view. It is wielding a +0 whip of venom.
Things that are here:
a +0 flail; an orc corpse An orc comes into view.
It is wielding a +0 hand axe.
You block the orc warrior's attack.
You hit the orc warrior but do no damage.
The orc warrior is poisoned.
You hit the orc warrior.
The orc warrior looks as sick as possible!
The orc warrior is lightly wounded.
You block the orc warrior's attack.
You hit the orc warrior but do no damage.
The orc warrior looks as sick as possible!
The orc warrior is moderately wounded.
You closely miss the orc warrior. You headbutt the orc warrior.
The orc warrior is heavily wounded.
The orc warrior hits you with a +0 halberd!
You are too injured to fight recklessly!
You are too injured to fight recklessly!
You are too injured to fight recklessly!
You hit the orc warrior but do no damage.
The orc warrior looks as sick as possible!
The orc warrior is heavily wounded.
You hear a shout!
An orc comes into view. It is wielding a +0 war axe.
The +7 whip of the Moon {venom, rElec rPois Str-3} stops dripping with poison.
You hear the crackle of electricity.
T - a +3 war axe of electrocution (weapon)
An orc priest comes into view. It is wielding a +0 club.
You block the orc warrior's attack.
You slice the orc warrior!!
You kill the orc warrior!
Qazlal accepts your kill.
You barely miss the orc.
The orc hits you with a +0 whip of venom.
The orc hits you but does no damage.
Things that are here:
a +0 halberd; a +0 plate armour; an orc corpse You hit the orc.
The orc is severely wounded.
You hit the orc. Lightning courses through the orc!
You kill the orc!
Qazlal accepts your kill.
You hit the orc. Lightning courses through the orc!!
You kill the orc!
Qazlal accepts your kill.
You hit the orc priest but do no damage.
You slash the orc priest!
You headbutt the orc priest, but do no damage.
The orc priest is severely wounded.
You block the orc priest's attack.
You closely miss the orc priest.
You headbutt the orc priest, but do no damage.
The orc priest is severely wounded.
The orc hits you but does no damage. The orc priest misses you.
You furiously retaliate!
You headbutt the orc priest!
You kill the orc priest!
Qazlal accepts your kill.
Found a staircase to the Orcish Mines.
You barely miss the orc. Your headbutt misses the orc. The orc misses you.
You hit the orc.
The orc is severely wounded.
The orc closely misses you. You furiously retaliate!
You headbutt the orc.
You kill the orc!
Qazlal accepts your kill.
You see here a +0 war axe.
There is a stone staircase leading up here.
HP restored.
Key pressed, stopping explore.
Things that are here:
a +0 dagger; an orc corpse
Found an escape hatch in the floor.
Things that are here:
5 large rocks; a cyclops corpse
Things that are here:
a +0 whip of venom; a +0 leather armour
Items here: )) [[ ††.
No target in view!
No target in view!
You hear a shout!
Found a stone staircase leading down.
You hear a shout!
You pick up a book of Hexes and begin reading...
You add the spells Cause Fear, Yara's Violent Unravelling, Silence and Discord to your library.
An orc priest comes into view. It is wielding a +0 short sword.
An orc priest is nearby!
An orc priest is nearby!
An orc priest is nearby!
You barely miss the orc priest.
You headbutt the orc priest, but do no damage.
The orc priest hits you with a +0 short sword.
You hit the orc priest. Your headbutt misses the orc priest.
The orc priest is lightly wounded.
You block the orc priest's attack.
You slash the orc priest!
You kill the orc priest!
Qazlal accepts your kill.
No target in view!
No target in view!
Things that are here:
a +0 short sword; an orc corpse Key pressed, stopping explore.
No target in view!
No target in view!
Found a roughly hewn altar of Beogh.
No target in view!
No target in view!
There is an open door here.
Things that are here:
a +0 halberd; a +0 plate armour; an orc skeleton
There is an escape hatch in the floor here.
Found a ring mail.
No target in view!
No target in view!
No target in view!
Found an escape hatch in the ceiling.
You see here a +0 ring mail.
Found 13 stones.
Found a stone staircase leading down.
No target in view!
No target in view!
No target in view!
d - 3 scrolls of blinking (gained 1)
r - a scroll labelled CINWAEMISS You now have 456 gold pieces (gained 20).
m - a wand of flame (47) (gained 17 charges)
Found an opulent altar of Gozag.
You hear a shout!
A troll comes into view.
A troll is nearby!
A troll is nearby!
A troll is nearby!
A troll is nearby!
No reachable target in view!
No reachable target in view!
No reachable target in view!
A centaur warrior zombie comes into view.
You closely miss the troll. You block the troll's attack.
The troll claws you but does no damage. The troll misses you.
You slash the troll! Lightning courses through the troll!!
The troll is severely wounded.
You closely miss the troll. Your headbutt misses the troll.
The troll is severely wounded.
The troll bites you. The troll claws you but does no damage.
The troll closely misses you.
You hit the troll. You headbutt the troll.
The troll is almost dead.
You block the troll's attack. x2; The troll claws you.
You hit the troll.
You kill the troll!
Qazlal accepts your kill.
The troll leather armour is intact enough to wear.
You barely miss the centaur warrior zombie.
The centaur warrior zombie misses you.
The centaur warrior zombie kicks you but does no damage.
You hit the centaur warrior zombie.
The centaur warrior zombie is lightly damaged.
You block the centaur warrior zombie's attack.
The centaur warrior zombie kicks you but does no damage.
A centaur warrior zombie is nearby!
A centaur warrior zombie is nearby!
You hit the centaur warrior zombie.
Lightning courses through the centaur warrior zombie!
The centaur warrior zombie is moderately damaged.
The centaur warrior zombie hits you but does no damage.
The centaur warrior zombie kicks you but does no damage.
You barely miss the centaur warrior zombie.
You headbutt the centaur warrior zombie!
The centaur warrior zombie is moderately damaged.
The centaur warrior zombie hits you.
The centaur warrior zombie closely misses you.
You slash the centaur warrior zombie!
The centaur warrior zombie is heavily damaged.
The centaur warrior zombie hits you but does no damage.
The centaur warrior zombie closely misses you.
You barely miss the centaur warrior zombie.
You headbutt the centaur warrior zombie!
The centaur warrior zombie is heavily damaged.
You block the centaur warrior zombie's attack.
The centaur warrior zombie kicks you but does no damage.
You slash the centaur warrior zombie!
Lightning courses through the centaur warrior zombie!!
The centaur warrior zombie is almost destroyed.
The centaur warrior zombie hits you but does no damage.
You block the centaur warrior zombie's attack.
You hit the centaur warrior zombie.
You destroy the centaur warrior zombie!
Qazlal accepts your kill.
Your Throwing skill increases to level 6!
Your Invocations skill increases to level 3!
No target in view!
No target in view!
No target in view!
No target in view!
Things that are here:
a +0 troll leather armour; a troll corpse
Found a ring mail.
Done exploring.
Done exploring.
Done exploring.
Done exploring.
Done exploring.
Done exploring.
(D) Dungeon (T) Temple (L) Lair (O) Orcish Mines
Where to? (Enter - D:11, ? - help)
There is a stone staircase leading down here.
You climb downwards.
Found a scale mail and 16 gold pieces.
There is a stone staircase leading up here.
You now have 472 gold pieces (gained 16).
There is a stone staircase leading up here.
Found 14 stones.
Found a stone staircase leading down.
Found Otrapsoj's Jewellery Shoppe.
Found an escape hatch in the ceiling.
A manticore comes into view.
Found a thick jewelled staff and a wand of paralysis (11).
You see here 14 stones.
There is a stone staircase leading up here.
You climb upwards.
There is a stone staircase leading down here.
Done exploring.
Done exploring.
You climb downwards.
There is a stone staircase leading up here.
The manticore is engulfed in blazing flames.
You block the manticore's attack. The manticore claws you.
The manticore claws you but does no damage.
You hit the manticore.
The manticore is heavily wounded.
You slash the manticore! Your headbutt misses the manticore.
The manticore is severely wounded.
The manticore is engulfed in blazing flames.
You kill the manticore!
Qazlal accepts your kill.
No target in view!
No target in view!
No target in view!
No target in view!
No target in view!
HP restored.
You see here a manticore corpse.
You see here 14 stones.
There is an entrance to Otrapsoj's Jewellery Shoppe here.
Found 10 stones.
P - a wand of paralysis (12) (gained 11 charges)
Found Zuvyil's General Store.
You hear a howl!
You now have 493 gold pieces (gained 21).
You now have 500 gold pieces (gained 7).
You now have 509 gold pieces (gained 9).
You hear a howl!
You now have 515 gold pieces (gained 6).
You hear a howl!
A gargoyle comes into view. It is wielding a +0 mace.
You hear a howl!
A howler monkey comes into view.
The gargoyle moves out of view.
You see here 18 gold pieces.
You hit the howler monkey.
Lightning courses through the howler monkey!
The howler monkey is almost dead.
The howler monkey hoots and howls with incredible vigour!
You hear a horrible gurgling sound!
You closely miss the howler monkey.
The howler monkey is almost dead.
You block the howler monkey's attack.
You barely miss the howler monkey.
The howler monkey is almost dead.
The howler monkey closely misses you.
You hit the howler monkey.
You kill the howler monkey!
Qazlal accepts your kill.
No target in view!
No target in view!
You now have 533 gold pieces (gained 18).
A gargoyle is nearby!
A gargoyle is nearby!
You see here a howler monkey corpse.
You completely miss the gargoyle.
You headbutt the gargoyle, but do no damage.
The gargoyle hurls a stone arrow at you.
The stone arrow misses you.
You barely miss the gargoyle.
The gargoyle hits you but does no damage.
You hit the gargoyle but do no damage.
A wraith comes into view.
You hit the gargoyle but do no damage. You block the gargoyle's attack.
You hit the gargoyle but do no damage. The gargoyle barely misses you.
You furiously retaliate!
You headbutt the gargoyle, but do no damage.
You hit the gargoyle but do no damage.
The gargoyle hurls a stone arrow at you.
The stone arrow misses you.
You barely miss the gargoyle. You hit the gargoyle but do no damage.
You headbutt the gargoyle, but do no damage.
The gargoyle hurls a stone arrow at you.
The stone arrow misses you.
You slash the gargoyle!
The gargoyle is heavily damaged.
The gargoyle hits you with a +0 mace!!
You hit the gargoyle. You headbutt the gargoyle!
You destroy the gargoyle!
Qazlal accepts your kill. The wraith barely misses you.
Found 20 arrows.
You closely miss the wraith. You block the wraith's attack.
You slash the wraith! Lightning courses through the wraith!
The wraith is severely damaged.
You hear a horrible gurgling sound!
You hit the wraith.
The wraith is almost destroyed.
You block the wraith's attack.
You closely miss the wraith. Your headbutt misses the wraith.
The wraith is almost destroyed.
You block the wraith's attack.
You slash the wraith!
You destroy the wraith!
Qazlal accepts your kill.
You hear a horrible gurgling sound!
You hear a horrible gurgling sound!
A red ugly thing comes into view.
You see here a howler monkey corpse.
You see here 14 gold pieces.
There is an entrance to Zuvyil's General Store here.
There is an entrance to Otrapsoj's Jewellery Shoppe here.
There is an escape hatch in the ceiling here.
A mysterious force pulls you upwards. The hatch slams shut behind you.
HP restored.
Done exploring.
Done exploring.
You can't go down here!
(D) Dungeon (T) Temple (L) Lair (O) Orcish Mines
Where to? (Enter - D:12, ? - help)
There is a stone staircase leading down here.
You climb downwards.
Found two stone staircases leading down.
There is a stone staircase leading up here.
A manticore comes into view.
A manticore is nearby!
A manticore is nearby!
Found a runed hunting sling.
You barely miss the manticore. The manticore bites you!!
The manticore claws you.
The manticore claws you but does no damage.
You slash the manticore! You headbutt the manticore.
The manticore is moderately wounded.
You barely miss the manticore.
The manticore is moderately wounded.
You block the manticore's attack.
The manticore claws you but does no damage.
The manticore closely misses you.
A boulder beetle comes into view.
You hit the manticore.
Lightning courses through the manticore!!
You headbutt the manticore.
The manticore is severely wounded.
The manticore barely misses you. The manticore claws you! x2
You are too injured to fight recklessly!
You slash the manticore!
Lightning courses through the manticore!
You kill the manticore!
Qazlal accepts your kill.
You are too injured to fight recklessly!
Unknown command.
The boulder beetle leaps!
You hear an angry hiss.
A komodo dragon comes into view.
There is a stone staircase leading up here.
You climb upwards.
There is a stone staircase leading down here.
You start resting.
HP restored.
Unknown command.
(D) Dungeon (T) Temple (L) Lair (O) Orcish Mines
Where to? (Enter - D:12, ? - help)
What level of the Lair of Beasts? (default 1, ? - help)
Things that are here:
a +0 giant club; a +0 giant spiked club
There is a stone staircase leading up here.
You climb upwards.
There is a stone staircase leading down, spattered with blood here.
There is a staircase to the Lair here.
You climb downwards.
Welcome to the Lair of Beasts!
Found a dark potion and 22 gold pieces.
There is a staircase back to the Dungeon here.
You hear an angry hiss.
You now have 543 gold pieces (gained 10).
A six-headed hydra comes into view.
A six-headed hydra is nearby!
A six-headed hydra is nearby!
Okay, then.
The six-headed hydra is engulfed in freezing vapours.
There is a staircase back to the Dungeon here.
Throw: 8 boomerangs
Press: ? - help, Q - select action, (/) - cycle Shift-Dir - straight line, f - six-headed hydra
Aim: a six-headed hydra (sparse dust, lightly wounded, 79% to hit)
You throw a boomerang.
The boomerang hits the six-headed hydra!
The six-headed hydra is moderately wounded.
Throw: 8 boomerangs
Press: ? - help, Q - select action, (/) - cycle Shift-Dir - straight line, f/p - six-headed hydra
Aim: a six-headed hydra (sparse dust, moderately wounded, 79% to hit)
You throw a boomerang.
The boomerang hits the six-headed hydra!
The six-headed hydra is heavily wounded.
You hear an angry hiss.
You block the six-headed hydra's attack. x2
The six-headed hydra bites you. The six-headed hydra barely misses you.
You block the six-headed hydra's attack.
The six-headed hydra bites you.
Throw: 8 boomerangs
Press: ? - help, Q - select action, (/) - cycle Shift-Dir - straight line, f/p - six-headed hydra
Aim: a six-headed hydra (sparse dust, heavily wounded, 79% to hit)
You throw a boomerang.
The boomerang hits the six-headed hydra.
The six-headed hydra is heavily wounded.
You block the six-headed hydra's attack.
The six-headed hydra bites you. The six-headed hydra barely misses you.
The six-headed hydra bites you. The six-headed hydra barely misses you.
The six-headed hydra bites you.
Throw: 8 boomerangs
Press: ? - help, Q - select action, (/) - cycle Shift-Dir - straight line, f/p - six-headed hydra
Aim: a six-headed hydra (sparse dust, heavily wounded, 79% to hit)
You throw a boomerang.
The boomerang hits the six-headed hydra!
The six-headed hydra is severely wounded.
You block the six-headed hydra's attack.
The six-headed hydra bites you but does no damage.
The six-headed hydra bites you.
The six-headed hydra closely misses you. x2
You block the six-headed hydra's attack.
Throw: 8 boomerangs
Press: ? - help, Q - select action, (/) - cycle Shift-Dir - straight line, f/p - six-headed hydra
Aim: a six-headed hydra (sparse dust, severely wounded, 79% to hit)
You throw a boomerang.
The boomerang hits the six-headed hydra but does no damage.
The six-headed hydra is severely wounded.
You block the six-headed hydra's attack. x2
The six-headed hydra bites you but does no damage. x2
The six-headed hydra bites you.
You block the six-headed hydra's attack.
A water moccasin comes into view.
Throw: 8 boomerangs
Press: ? - help, Q - select action, (/) - cycle Shift-Dir - straight line, f/p - six-headed hydra
Aim: a six-headed hydra (severely wounded, 79% to hit)
You throw a boomerang.
The boomerang barely misses the six-headed hydra.
The six-headed hydra barely misses you.
You block the six-headed hydra's attack.
The six-headed hydra bites you!
The six-headed hydra closely misses you.
You block the six-headed hydra's attack. x2
Throw: 7 boomerangs
Press: ? - help, Q - select action, (/) - cycle Shift-Dir - straight line, f/p - six-headed hydra
Aim: a six-headed hydra (severely wounded, 79% to hit)
You throw a boomerang.
The boomerang hits the six-headed hydra but does no damage.
The six-headed hydra is severely wounded.
You block the six-headed hydra's attack.
The six-headed hydra completely misses you.
You block the six-headed hydra's attack.
The six-headed hydra bites you! The six-headed hydra bites you.
* * * LOW HITPOINT WARNING * * *
You block the six-headed hydra's attack.
Throw: 6 boomerangs (disperse)
Press: ? - help, Q - select action, (/) - cycle Shift-Dir - straight line, f/p - six-headed hydra
Aim: a six-headed hydra (severely wounded, 79% to hit)
You throw a boomerang of dispersal.
The boomerang of dispersal completely misses the six-headed hydra.
The water moccasin is engulfed in freezing vapours.
The six-headed hydra bites you but does no damage.
You block the six-headed hydra's attack. x2
The six-headed hydra bites you but does no damage.
You block the six-headed hydra's attack.
The six-headed hydra bites you.
* * * LOW HITPOINT WARNING * * *
The water moccasin barely misses you.
Throw: 5 boomerangs (disperse)
Press: ? - help, Q - select action, (/) - cycle Shift-Dir - straight line, f/p - six-headed hydra
Aim: a six-headed hydra (heavily wounded, 79% to hit)
You throw a boomerang of dispersal.
The boomerang of dispersal hits the six-headed hydra.
The six-headed hydra blinks!
The six-headed hydra is severely wounded.
The water moccasin bites you but does no damage.
Throw: 8 javelins
Press: ? - help, Q - select action, (/) - cycle Shift-Dir - straight line, f/p - six-headed hydra
Aim: a six-headed hydra (severely wounded, 79% to hit)
You throw a javelin.
The javelin pierces through the six-headed hydra.
The six-headed hydra is severely wounded.
The water moccasin bites you but does no damage.
The water moccasin closely misses you. You furiously retaliate!
You headbutt the water moccasin.
Throw: 7 javelins
Press: ? - help, Q - select action, (/) - cycle Shift-Dir - straight line, f/p - six-headed hydra
Aim: a six-headed hydra (severely wounded, 79% to hit)
You throw a javelin.
The javelin pierces through the six-headed hydra!
The six-headed hydra is severely wounded.
You block the water moccasin's attack.
The water moccasin bites you but does no damage.
Throw: 6 javelins
Press: ? - help, Q - select action, (/) - cycle Shift-Dir - straight line, f/p - six-headed hydra
Aim: a six-headed hydra (severely wounded, 79% to hit)
You throw a javelin.
The javelin pierces through the six-headed hydra.
The six-headed hydra is severely wounded.
The water moccasin bites you but does no damage.
Throw: 5 javelins
Press: ? - help, Q - select action, (/) - cycle Shift-Dir - straight line, f/p - six-headed hydra
Aim: a six-headed hydra (severely wounded, 79% to hit)
You throw a javelin.
The javelin pierces through the water moccasin!
The water moccasin is almost dead.
The javelin pierces through the six-headed hydra.
The six-headed hydra is almost dead.
The water moccasin bites you but does no damage.
Throw: 4 javelins
Press: ? - help, Q - select action, (/) - cycle Shift-Dir - straight line, f/p - six-headed hydra
Aim: a six-headed hydra (almost dead, 79% to hit)
You throw a javelin.
The javelin pierces through the six-headed hydra.
The six-headed hydra is almost dead.
The javelin closely misses the water moccasin.
The six-headed hydra closely misses you.
The six-headed hydra bites you!
* * * LOW HITPOINT WARNING * * *
You block the six-headed hydra's attack.
The six-headed hydra bites you.
* * * LOW HITPOINT WARNING * * *
The six-headed hydra bites you but does no damage.
The six-headed hydra bites you!
* * * LOW HITPOINT WARNING * * *
Okay, then.
Aiming: Upheaval
Press: ? - help, Dir - move target, f/p - six-headed hydra
Aim: a six-headed hydra (almost dead) That beam is likely to hit you.
Continue anyway?
Okay, then.
Okay, then.
Aiming: Upheaval
Press: ? - help, Dir - move target, f - water moccasin, p - six-headed hydra
Aim: a water moccasin (almost dead)
A storm cloud blasts the area with cutting wind!
The cutting wind hits the water moccasin!!
You kill the water moccasin!
Qazlal accepts your kill. The six-headed hydra bites you!
* * * LOW HITPOINT WARNING * * *
The six-headed hydra bites you!
You die...

# ..##$ ###
......#.######
......§@...P.#.#...
..##.°.§D§....!..#
#####§..#######
#..(# #...# ...(.#
....### .....##
#....


You could see a six-headed hydra.

Vanquished Creatures
  Gastronok (D:8)
  Harold (D:7)
  Erica (D:10)
  3 two-headed ogres
  Pikel (D:8)
  An ugly thing (D:9)
  A cyclops (D:11)
  2 manticores (D:12)
  A gargoyle (D:12)
  A troll (D:11)
  Grinder (D:6)
  A wraith (D:12)
  A wyvern (D:6)
  A steam dragon (D:10)
  Menkaure (D:7)
  A water moccasin (Lair:1)
  A black bear (D:7)
  5 orc warriors
  2 sky beasts
  6 ogres
  A necrophage (D:5)
  6 centaurs
  2 lemures (D:8)
  3 bullfrogs
  5 kobold brigands
  A gnoll sergeant (D:10)
  5 scorpions
  A water moccasin skeleton (D:5)
  5 killer bees
  8 howler monkeys
  8 wights
  4 centaur zombies
  5 hounds
  2 jellies
  8 orc priests
  A centaur skeleton (D:5)
  Jessica (D:3)
  4 iguanas
  7 orc wizards
  A killer bee zombie (D:5)
  A hound zombie (D:5)
  A hound skeleton (D:5)
  2 howler monkey zombies
  Robin (D:3)
  5 gnolls (D:10)
  7 adders
  A shadow imp (D:5)
  2 white imps
  An ufetubus (D:5)
  An adder skeleton (D:5)
  2 worms
  2 dart slugs (D:1)
  29 orcs
  5 endoplasms
  5 giant cockroaches
  2 gnoll zombies (D:2)
  16 goblins
  9 hobgoblins
  7 jackals
  A quokka (D:2)
  7 ball pythons
  3 bats
  5 frilled lizards
  27 kobolds
  3 rats
256 creatures vanquished.

Vanquished Creatures (others)
  An ogre (D:5)
  A black bear (D:5)
  A hound (D:5)
  An ufetubus (D:5)
  An endoplasm (D:3)
5 creatures vanquished.

Grand Total: 261 creatures vanquished

Notes
Turn   | Place    | Note
-------+----------+-------------------------------------------
     0 | D:1      | sleeves the Minotaur Air Elementalist began the quest for
                  | the Orb.
     0 | D:1      | Reached XP level 1. HP: 14/14 MP: 1/1
   322 | D:1      | Reached skill level 1 in Armour
   323 | D:1      | Reached skill level 1 in Fighting
   329 | D:1      | Reached XP level 2. HP: 20/23 MP: 3/3
  1114 | D:2      | Noticed Terence
  1250 | D:1      | Reached XP level 3. HP: 19/29 MP: 4/4
  1374 | D:2      | Reached skill level 2 in Fighting
  1374 | D:2      | Reached skill level 2 in Armour
  1527 | D:2      | Found a sparkling altar of Nemelex Xobeh.
  1762 | D:2      | Found a stormy altar of Qazlal.
  1785 | D:2      | Became a worshipper of Qazlal Stormbringer
  2149 | D:2      | Reached skill level 1 in Throwing
  2167 | D:2      | Found a basalt altar of Yredelemnul.
  2265 | D:2      | HP: 11/29 [worm (4)]
  2806 | D:3      | Found a shadowy altar of Dithmenos.
  2924 | D:3      | Found a snail-covered altar of Cheibriados.
  3038 | D:3      | Noticed Jessica
  3044 | D:3      | Killed Jessica
  3045 | D:3      | Reached skill level 2 in Throwing
  3045 | D:3      | Reached XP level 4. HP: 21/36 MP: 5/5
  3186 | D:3      | Found a glowing silver altar of Zin.
  3349 | D:3      | Reached skill level 3 in Throwing
  3445 | D:3      | Noticed Robin
  3501 | D:3      | Reached * piety under Qazlal
  3501 | D:3      | HP: 8/36 [Robin/puff of flame (12)]
  3831 | D:3      | Killed Robin
  4162 | D:4      | Reached XP level 5. HP: 41/41 MP: 2/6
  4176 | D:4      | Reached skill level 1 in Axes
  4374 | D:4      | HP: 20/41 [kobold/stone (2)]
  4392 | D:4      | HP: 18/41 [iguana (4)]
  4394 | D:4      | HP: 3/41 [iguana (7)]
  4889 | D:4      | Found a bloodstained altar of Trog.
  4889 | D:4      | Found an opulent altar of Gozag.
  4897 | D:4      | Found a faded altar of an unknown god.
  4899 | D:4      | Found a faded altar of an unknown god.
  4901 | D:4      | Found a blossoming altar of Fedhas.
  4970 | D:4      | Identified the +7 whip of the Moon {venom, rElec rPois
                  | Str-3}
  5116 | D:4      | Noticed an ogre
  5120 | D:4      | HP: 20/41 [ogre/+0 giant club (13)]
  5120 | D:4      | HP: 7/41 [ogre/+0 giant club (13)]
  5500 | D:4      | Killed an ogre
  5501 | D:4      | Reached skill level 2 in Axes
  5501 | D:4      | Reached skill level 4 in Throwing
  5501 | D:4      | Reached XP level 6. HP: 32/48 MP: 7/7
  5712 | D:5      | Entered Level 5 of the Dungeon
  5728 | D:5      | Reached skill level 3 in Axes
  5869 | D:5      | Found Qodiot's General Store.
  5970 | D:5      | HP: 22/48 [ogre/+0 giant club (21)]
  5983 | D:5      | Reached skill level 4 in Axes
  5983 | D:5      | Reached skill level 5 in Throwing
  6175 | D:5      | Noticed a sky beast
  6182 | D:5      | Killed a sky beast
  6183 | D:5      | Reached skill level 5 in Axes
  6183 | D:5      | Reached XP level 7. HP: 55/55 MP: 8/8
  6193 | D:5      | HP: 22/55 [ogre/+0 giant spiked club (20)]
  6195 | D:5      | Reached skill level 6 in Axes
  6534 | D:5      | Reached skill level 7 in Axes
  7005 | D:5      | Reached skill level 8 in Axes
  7048 | D:5      | Reached XP level 8. HP: 61/61 MP: 9/9
  7079 | D:5      | Found a shimmering altar of Xom.
  7245 | D:5      | Reached skill level 9 in Axes
  7269 | D:5      | Reached ** piety under Qazlal
  7279 | D:5      | Reached skill level 10 in Axes
  7494 | D:6      | Reached skill level 11 in Axes
  7579 | D:6      | Noticed Grinder
  7587 | D:6      | Paralysed by Grinder for 3 turns
  7598 | D:6      | Killed Grinder
  7687 | D:6      | Found a white marble altar of Elyvilon.
  7710 | D:6      | Found a runed translucent door.
  7713 | D:6      | Noticed Snicker's ghost (novice DsBr)
  7732 | D:6      | Found a runed translucent door.
  7880 | D:6      | Found a hide-covered altar of Uskayaw.
  7885 | D:6      | Found a staircase to the Ecumenical Temple.
  7969 | D:6      | Reached XP level 9. HP: 64/67 MP: 10/10
  8071 | D:6      | Identified the +1 ring mail "Esonn" {Will+ rCorr}
  8130 | D:6      | HP: 27/67 [wyvern (10)]
  8135 | D:6      | Reached skill level 12 in Axes
  8495 | D:7      | Found a hazy altar of Hepliaklqana.
  8715 | D:7      | Noticed Harold
  8737 | D:7      | HP: 33/67 [Harold/harpoon shot (10)]
  8738 | D:7      | HP: 16/67 [Harold/+0 trident (18)]
  8746 | D:7      | HP: 30/67 [Harold/+0 trident (14)]
  8748 | D:7      | HP: 9/67 [Harold/+0 trident (13)]
  9027 | D:7      | HP: 19/67 [Harold/+0 trident (21)]
  9028 | D:7      | HP: 2/67 [Harold/+0 trident (17)]
  9038 | D:7      | Killed Harold
  9039 | D:7      | Reached skill level 13 in Axes
  9522 | D:7      | Noticed Menkaure
  9527 | D:7      | Killed Menkaure
  9528 | D:7      | Reached skill level 1 in Shields
  9762 | D:8      | Reached skill level 2 in Shields
  9897 | D:8      | Noticed Gastronok
  9909 | D:8      | HP: 31/67 [orc warrior/+0 scimitar (8)]
  9918 | D:8      | HP: 19/67 [orc warrior/boomerang (9)]
 10164 | D:7      | Reached skill level 3 in Shields
 10301 | D:8      | Reached skill level 14 in Axes
 10346 | D:7      | HP: 24/67 [wight/+0 battleaxe (12)]
 10348 | D:7      | HP: 10/65 [wight/+0 battleaxe (4)]
 10689 | D:8      | Killed Gastronok
 10689 | D:8      | Reached *** piety under Qazlal
 10690 | D:8      | Reached skill level 15 in Axes
 10690 | D:8      | Reached skill level 4 in Shields
 10690 | D:8      | Reached XP level 10. HP: 71/73 MP: 11/11
 11025 | D:8      | Noticed Pikel
 11041 | D:8      | Killed Pikel
 11194 | D:9      | Reached skill level 16 in Axes
 11521 | D:9      | HP: 33/73 [orc warrior/+0 dire flail (14)]
 11758 | D:9      | Found a transporter.
 11759 | D:9      | Noticed math4jedi's ghost (novice MiBe)
 12026 | D:9      | Found a transporter.
 12033 | D:9      | Noticed a two-headed ogre
 12041 | D:9      | Killed a two-headed ogre
 12041 | D:9      | Reached **** piety under Qazlal
 12049 | D:9      | Reached skill level 17 in Axes
 12374 | D:10     | Entered Level 10 of the Dungeon
 12374 | D:10     | Noticed a brown ugly thing
 12389 | D:9      | Killed a brown ugly thing
 12390 | D:9      | Reached XP level 11. HP: 54/79 MP: 3/12
 12503 | D:10     | Found a staircase to the Lair.
 12592 | D:10     | HP: 36/79 [orc warrior/+3 war axe of electrocution (11)]
 13091 | D:10     | Noticed Erica
 13105 | D:10     | HP: 36/79 [something (14)]
 13107 | D:10     | HP: 11/79 [something/lance of force (21)]
 13115 | D:10     | HP: 12/79 [something/bolt of poison (1)]
 13625 | D:11     | HP: 40/80 [poisoned by Erica (bolt of poison)]
 13626 | D:11     | Noticed a two-headed ogre
 13631 | D:10     | HP: 40/80 [something (6)]
 13636 | D:10     | HP: 28/80 [something (5)]
 13644 | D:10     | HP: 11/80 [something (5)]
 13645 | D:10     | Killed Erica
 13646 | D:10     | Reached skill level 3 in Dodging
 13646 | D:10     | Reached skill level 1 in Invocations
 14059 | D:10     | Identified the +9 quarterstaff "Yqemu" {pain, Will+++}
 14549 | D:11     | Noticed a two-headed ogre
 14557 | D:11     | Reached skill level 3 in Fighting
 14557 | D:11     | Reached skill level 3 in Armour
 14572 | D:11     | Killed a two-headed ogre
 14573 | D:11     | Reached skill level 2 in Invocations
 14590 | D:10     | HP: 35/82 [two-headed ogre/+0 giant club (20)]
 14608 | D:10     | HP: 23/82 [two-headed ogre/+0 giant club (16)]
 14611 | D:10     | Killed a two-headed ogre
 14612 | D:10     | Reached skill level 4 in Dodging
 14945 | D:11     | Reached skill level 4 in Fighting
 14945 | D:11     | Reached skill level 4 in Armour
 14965 | D:11     | Found a staircase to the Orcish Mines.
 15311 | D:11     | Found an opulent altar of Gozag.
 15339 | D:11     | Reached skill level 6 in Throwing
 15339 | D:11     | Reached skill level 3 in Invocations
 15454 | D:12     | Found Otrapsoj's Jewellery Shoppe.
 15518 | D:12     | Found Zuvyil's General Store.
 15558 | D:12     | Noticed a red ugly thing
 15685 | D:12     | Noticed a boulder beetle
 15906 | Lair:1   | Entered Level 1 of the Lair of Beasts
 15911 | Lair:1   | Noticed a six-headed hydra
 15922 | Lair:1   | HP: 41/85 [six-headed hydra (3)]
 15929 | Lair:1   | HP: 33/85 [six-headed hydra (8)]
 15930 | Lair:1   | HP: 12/85 [six-headed hydra (11)]
 15930 | Lair:1   | Slain by a six-headed hydra

Illustrated notes

Levels and vault maps discovered:
D:1:      tarquinn_simple_flora_water_e, layout_basic
D:2:      layout_loops_ring, old_standard_altar,
          lemuel_zombie_altar_yredelemnul, minmay_stone_trees_small,
          grunt_qazlal_clouds, uniq_terence
D:3:      layout_basic, grunt_dithmenos_smoke_and_mirrors, lemuel_round_altar,
          zin_scriptorium, lemuel_old_faithful, uniq_jessica, uniq_robin
D:4:      layout_basic, chequers_temple_overflow_minitemple
D:5:      layout_loops_corners, xom_confusion_cloud, serial_shops,
          nicolae_shop_crystal, minmay_joined_circles
D:6:      layout_gridville, kennysheep_mini, elyvilon_altar_4,
          minmay_temple_entry_from_below_a, ebering_ghost_sewer_f, uniq_grinder
D:7:      layout_loops_cross, overflow_temple_1_default, uniq_menkaure,
          uniq_harold
D:8:      layout_rooms, uniq_pikel, uniq_gastronok
D:9:      layout_long_grid, gammafunk_ghost_mausoleum
D:10:     layout_loops_ring, lair_entry_dummy, uniq_erica
D:11:     layout_big_octagon, minmay_orc_entry_temple_small,
          serial_column_ruins, column_ruins_temple_hall,
          column_ruins_hut_ruined, column_ruins_grid_3, column_ruins_grid_3,
          column_ruins_columns_straight, column_ruins_corridor_corner,
          column_ruins_open_medium, column_ruins_columns_T,
          chequers_serial_rivers_micro_c
D:12:     layout_layer_cave, serial_shops, nicolae_shop_statue_plus, shop_coins,
          nicolae_shop_stone, shop, uniq_rupert
Lair:1:   layout_gridlike, hellmonk_ghost_happy_afterlife

Skill      XL: |  1  2  3  4  5  6  7  8  9 10 11 |
---------------+----------------------------------+-----
Armour         | 1 2 4 |  4.8
Fighting       | 1 2 4 |  4.8
Throwing       | 2 3 4 5 6 |  6.3
Axes           | 2 5 8 11 15 17 | 17.1
Shields        | 4 |  4.0
Dodging        | 4 |  4.8
Invocations    | 3 |  3.5
Stealth        | |  1.5
Spellcasting   | |  1.3
Conjurations   | |  0.6
Air Magic      | |  2.1

Action                   |  1- 3 |  4- 6 |  7- 9 | 10-12 || total
-------------------------+-------+-------+-------+-------++-------
Melee: Dagger            |     6 |       |       |       ||     6
       Unarmed           |     4 |       |       |       ||     4
       Headbutt          |    21 |     8 |    54 |    50 ||   133
       Club              |   140 |    54 |       |       ||   194
       Hand axe          |       |    24 |       |       ||    24
       Whip              |       |    18 |   264 |   152 ||   434
       War axe           |       |       |       |   194 ||   194
Throw: Javelin           |     3 |       |       |     5 ||     8
       Boomerang         |     5 |    29 |    58 |    15 ||   107
 Cast: Shock             |     3 |       |       |       ||     3
Invok: Upheaval          |       |       |       |     1 ||     1
Evoke: Wand              |       |       |     3 |       ||     3
  Use: Potion            |       |       |     4 |     5 ||     9
       Scroll            |       |       |       |     4 ||     4
Armor: Robe              |     2 |       |       |       ||     2
       Ring mail         |    44 |       |    32 |    77 ||   153
       Scale mail        |    33 |    57 |    59 |       ||   149
Dodge: Dodged            |   111 |    42 |    87 |    89 ||   329
       Repelled          |       |       |       |     1 ||     1
Block: Other             |       |     2 |    12 |       ||    14
       Buckler           |       |       |    36 |   137 ||   173

Table legend: (Time is in decaauts)
 A = Elapsed time spent in this place.
 B = Non-inter-level travel time spent in this place.
 C = Inter-level travel time spent in this place.
 D = Time resting spent in this place.
 E = Time spent auto-exploring this place.
 F = Levels seen in this place.
 G = Mean time per level.
                   A        B        C        D        E       F      G
               +--------+--------+--------+--------+--------+-----+--------+
         Total |  15828 |  14933 |    895 |   2104 |  10689 |  13 | 1217.5 |
       Dungeon |  15803 |  14909 |    894 |   2104 |  10685 |  12 | 1316.9 |
          Lair |     24 |     24 |      0 |      0 |      4 |   1 |   24.0 |
               +--------+--------+--------+--------+--------+-----+--------+

Top non-repeatable levels by time:
     D:9: 2071 daAuts
     D:5: 1665 daAuts
     D:3: 1548 daAuts
     D:7: 1536 daAuts
    D:10: 1487 daAuts
     D:6: 1481 daAuts
     D:1: 1450 daAuts
     D:2: 1444 daAuts
     D:4: 1341 daAuts
    D:11: 894 daAuts
     D:8: 705 daAuts
    D:12: 176 daAuts
  Lair:1: 24 daAuts
